 Dungeon Crawl Stone Soup version 0.27.0-1-g7a089689b8 (webtiles) character file.

Game seed: 16891045112159695800

623 wakim the Cudgeller (level 7, -10/62 HPs)
             Began as a Minotaur Fighter on Aug 2, 2021.
             Killed from afar by an acid dragon (13 damage)
             ... with a splash of acid
             ... on level 5 of the Dungeon.
             The game lasted 00:06:50 (4038 turns).

wakim the Cudgeller (Minotaur Fighter)              Turns: 4038, Time: 00:06:51

Health: -10/62     AC:  9    Str: 21    XL:     7   Next: 22%
Magic:  6/6        EV:  6    Int:  6    God:
Gold:   189        SH:  0    Dex: 10    Spells: 6/6 levels left

rFire    . . .     SeeInvis .   a - +1 flail
rCold    . . .     Faith    .   (no shield)
rNeg     . . .     Spirit   .   d - +0 plate armour
rPois    .         Reflect  .   (helmet restricted)
rElec    .         Harm     .   (no cloak)
rCorr    .         Rampage  .   q - +0 pair of gloves
Will     .....                  l - +2 pair of boots
Stlth    ..........             j - amulet of magic regeneration
HPRegen  0.20/turn              (no ring)
MPRegen  0.35/turn              (no ring)

@: corroded
A: horns 2, retaliatory headbutt
a: no special abilities


You were on level 5 of the Dungeon.
You visited 1 branch of the dungeon, and saw 5 of its levels.

You collected 189 gold pieces.

Inventory:

Hand Weapons
 a - a +1 flail (weapon)
Missiles
 e - 16 poisoned darts
 n - 5 atropa-tipped darts (quivered)
 u - 4 curare-tipped darts {=f}
Armour
 c - a +0 kite shield
 d - a +0 plate armour (worn)
 l - a +2 pair of boots (worn)
 q - a +0 pair of gloves (worn)
Jewellery
 j - an amulet of magic regeneration (around neck)
Scrolls
 g - a scroll of enchant weapon
 t - a scroll of enchant armour
 T - 2 scrolls of teleportation
 Y - a scroll of blinking {!r}
Potions
 b - a potion of degeneration {unknown}
 f - a potion of cancellation {unknown}
 m - a potion of flight {unknown}
 F - 3 potions of curing
 H - 2 potions of haste
 K - 2 potions of magic
 M - 2 potions of mutation {!q}
 N - 4 potions of might


   Skills:
 + Level 5.8 Fighting
 * Level 7.1 Maces & Flails
 + Level 5.9 Armour
 - Level 3.6 Shields


You had 6 spell levels left.
You didn't know any spells.
Your spell library contained the following spells:

 Spells                   Type           Power      Damage    Failure   Level
 Shock                    Conj/Air       0%         1d3       100%        1
 Corpse Rot               Necr/Air       N/A        N/A       100%        2
 Poisonous Vapours        Pois/Air       0%         N/A       100%        2
 Sublimation of Blood     Necr           0%         N/A       100%        2
 Dazzling Flash           Conj/Hex       0%         N/A       100%        3
 Swiftness                Air            0%         N/A       100%        3
 Airstrike                Air            0%         N/A       100%        4
 Iskenderun's Mystic Bla  Conj/Tloc      0%         2d3       100%        4
 Petrify                  Tmut/Erth      0%         N/A       100%        4
 Agony                    Necr           0%         N/A       100%        5
 Freezing Cloud           Conj/Ice/Air   0%         6-21      100%        5
 Irradiate                Conj/Tmut      0%         3d13      100%        5
 Silence                  Hex/Air        0%         N/A       100%        5
 Shatter                  Erth           0%         3d5*      100%        9


Dungeon Overview and Level Annotations

Branches:
Dungeon (5/15)
 Temple: D:4-7

Altars:
Cheibriados
Gozag
Hepliaklqana
Wu Jian
Xom

Annotations:
D:4 3 runed translucent doors, Setanta's ghost, amateur GnFi


Innate Abilities, Weirdness & Mutations

You have a pair of horns on your head.
You reflexively headbutt those who attack you in melee.


Message History

The acid corrodes you!
You are splashed with acid!
* * * LOW HITPOINT WARNING * * *
Throw: 7 darts (atropa)
Press: ? - help, Q - select action, (/) - cycle Shift-Dir - straight line, f - hound
Aim: a hound (severely wounded, 43% to hit, chance to blind on hit: 75%)
Okay, then.
Press: ? - help, v - describe, . - travel
Here: an acid dragon (moderately wounded, catching its breath)
The floor.
You aren't carrying any items that you can evoke.
Unknown command.
Unknown command.
Throw: 7 darts (atropa)
Press: ? - help, Q - select action, (/) - cycle Shift-Dir - straight line, f - acid dragon
Aim: an acid dragon (moderately wounded, catching its breath, 57% to hit, chance to blind on hit: 27%)
You throw an atropa-tipped dart.
The atropa-tipped dart hits the acid dragon.
The acid dragon resists.
The acid dragon is moderately wounded.
The hound bites you but does no damage. The acid dragon bites you!
* * * LOW HITPOINT WARNING * * *
The acid dragon claws you but does no damage.
The hound bites you but does no damage.
Throw: 6 darts (atropa)
Press: ? - help, Q - select action, (/) - cycle Shift-Dir - straight line, f/p - acid dragon
Aim: an acid dragon (moderately wounded, catching its breath, 56% to hit, chance to blind on hit: 27%)
You throw an atropa-tipped dart.
The atropa-tipped dart hits the acid dragon.
The acid dragon appears confused.
The acid dragon is moderately wounded.
The hound bites you but does no damage.
You hit the hound. Your headbutt misses the hound.
The hound is severely wounded.
The acid dragon seems less confused.
The hound bites you but does no damage. x2
Your plate armour prevents you from hitting the hound.
You headbutt the hound.
You kill the hound!
The acid dragon spits acid at you. The splash of acid hits you!
You die...

#.......'..#...............
#...>..)#..#...............
#.......#..#...............
........#..#...............
........#..#####..........#
........+..>...#.....######
........#......#.....#
.########D.....#.....#
.......@....#.....#
....##..##..#####.. .).
#..# ### #.. . +... #. #...
..... ###... #$#....


You could see an acid dragon (blind, catching breath).

Vanquished Creatures
  Purgy (D:4)
  An ogre (D:5)
  A necrophage (D:4)
  2 scorpions
  A jelly (D:4)
  A hound (D:5)
  2 centaur skeletons
  An orc wizard (D:4)
  5 adders
  An ufetubus (D:4)
  A worm (D:3)
  4 dart slugs
  2 orcs (D:4)
  A ball python (D:4)
  6 endoplasms
  5 giant cockroaches
  4 goblins
  6 hobgoblins
  10 jackals
  2 quokkas
  7 bats
  3 frilled lizards
  6 kobolds
  6 rats
79 creatures vanquished.

Notes
Turn   | Place    | Note
-------+----------+-------------------------------------------
     0 | D:1      | wakim the Minotaur Fighter began the quest for the Orb.
     0 | D:1      | Reached XP level 1. HP: 19/19 MP: 0/0
    94 | D:1      | Reached skill level 3 in Maces & Flails
    94 | D:1      | Reached XP level 2. HP: 27/27 MP: 1/1
   121 | D:1      | Got Izit Ilo's Compendium of the Warped Rocks
   846 | D:2      | Reached XP level 3. HP: 30/33 MP: 2/2
  1298 | D:2      | Found a faded altar of an unknown god.
  1813 | D:3      | Found a snail-covered altar of Cheibriados.
  2064 | D:3      | Found a shimmering altar of Xom.
  2070 | D:3      | Reached skill level 4 in Maces & Flails
  2080 | D:3      | Reached XP level 4. HP: 40/40 MP: 3/3
  2636 | D:3      | Found a hazy altar of Hepliaklqana.
  2829 | D:3      | Found an opulent altar of Gozag.
  2916 | D:4      | Noticed a scorpion
  2937 | D:3      | Killed a scorpion
  2938 | D:3      | Reached skill level 5 in Maces & Flails
  2938 | D:3      | Reached XP level 5. HP: 32/47 MP: 4/4
  3063 | D:4      | Identified the +1 leather armour of Oway {rF+ Dex+2 Slay+2}
  3217 | D:4      | Reached skill level 5 in Fighting
  3217 | D:4      | Reached skill level 5 in Armour
  3265 | D:4      | Noticed Purgy
  3272 | D:4      | Killed Purgy
  3273 | D:4      | Reached skill level 6 in Maces & Flails
  3273 | D:4      | Reached XP level 6. HP: 48/56 MP: 5/5
  3388 | D:4      | Noticed an ice beast
  3437 | D:4      | Noticed Setanta's ghost (amateur GnFi)
  3438 | D:4      | Found a runed translucent gate.
  3438 | D:4      | Found a runed translucent gate.
  3438 | D:4      | Found a runed translucent gate.
  3723 | D:4      | Found an ornate altar of the Wu Jian Council.
  3861 | D:4      | Reached XP level 7. HP: 62/62 MP: 6/6
  3977 | D:5      | Entered Level 5 of the Dungeon
  4018 | D:5      | Reached skill level 7 in Maces & Flails
  4035 | D:5      | HP: 3/62 [acid dragon (11)]
  4038 | D:5      | Killed from afar by an acid dragon

Illustrated notes

Levels and vault maps discovered:
D:1:      dpeg_arrival_simpleton_b, layout_loops_ring, nrook_uturn,
          minmay_pentomino_v4
D:2:      layout_basic, ebering_ecumenical_altar_hall, minmay_liquid_box,
          minmay_misc_feat_square
D:3:      layout_loops_ring, mainiacjoe_overflow_six_doors_small,
          kennysheep_slug_shrine, lemuel_tele_altar, lemuel_round_altar,
          minmay_misc_feat_nine_boxes
D:4:      kennysheep_six_static_rooms, layout_basic, kennysheep_mini_moat,
          gammafunk_ghost_split, uniq_purgy
D:5:      layout_gridville, serial_shops, kennysheep_little_box,
          grunt_tough_drop, uniq_eustachio, uniq_pikel

Skill      XL: |  1  2  3  4  5  6  7 |
---------------+----------------------+-----
Maces & Flails | 3 4 5 6 7 |  7.1
Fighting       | 4 5 |  5.8
Armour         | 4 5 |  5.9
Shields        | |  3.6

Action                   |  1- 3 |  4- 6 |  7- 9 || total
-------------------------+-------+-------+-------++-------
Melee: Flail             |    78 |    92 |    17 ||   187
       Headbutt          |    11 |    17 |     2 ||    30
Throw: Dart              |       |     2 |     2 ||     4
  Use: Scroll            |     3 |     6 |     1 ||    10
 Stab: Invisible         |       |     1 |       ||     1
Armor: Scale mail        |    35 |       |       ||    35
       Plate armour      |    12 |   102 |    17 ||   131
Dodge: Dodged            |    39 |    37 |     8 ||    84
